 Dungeon Crawl Stone Soup version 0.32-a0-871-ge202e49faa (webtiles) character file.

Game seed: 2997540813067030986

5484 ezpacito the Chopper (level 10, -7/79 HPs)
             Began as a Coglin Chaos Knight on Mar 29, 2024.
             Was a Plaything of Xom.
             Mangled by a komodo dragon (12 damage)
             ... on level 7 of the Dungeon.
             The game lasted 00:10:37 (7393 turns).

ezpacito the Chopper (Coglin Chaos Knight)          Turns: 7393, Time: 00:10:38

Health: -7/79      AC: 28    Str: 16    XL:     10   Next: 69%
Magic:  14/14      EV:  1    Int: 15    God:    Xom [....*.]
Gold:   255        SH:  0    Dex: 13    Spells: 15/15 levels left

rFire   + . .        a - +0 hand axe (chaos) {Ai}
rCold   + + .        b - +1 trident (flame) {Gnaeus}
rNeg    . . .        v - +4 crystal plate armour
rPois   +            (no helmet)
rElec   +            r - +0 cloak
rCorr   +            u - +0 pair of gloves
SInv    .            (no boots)
Will    .....        (amulet unavailable) Stlth
                     (ring unavailable)
HPRegen 0.33/turn    (ring unavailable)
MPRegen 0.14/turn    (no gizmo)

%: clarity
@: silenced, resistant, revved
A: off-hand wielding, slow wielding, warmup strikes, no jewellery, iridescent
scales 2, clarity, clever 1, cold resistance 1, subdued magic 1
a: Invent Gizmo, Renounce Religion


You were on level 7 of the Dungeon.
You worshipped Xom.
You were a beloved toy of Xom.
You visited 1 branch of the dungeon, and saw 8 of its levels.
You also visited: Sewer.

You collected 321 gold pieces.
You spent 66 gold pieces at shops.

Inventory:

Hand Weapons
 a - a +0 hand axe of chaos (weapon) {Ai}
 b - a +1 trident of flaming (offhand) {Gnaeus}
 o - a +2 spear of pain
Missiles
 c - 19 poisoned darts
 e - 4 boomerangs (quivered)
 j - a curare-tipped dart
 m - a throwing net
Armour
 r - a +0 cloak (worn)
 u - a +0 pair of gloves (worn)
 v - a +4 crystal plate armour (worn)
Magical Staves
 g - a staff of conjuration
Talismans
 s - a serpent talisman
Wands
 B - a wand of flame (9)
Scrolls
 h - a scroll of poison
 p - 2 scrolls of enchant weapon
 y - a scroll of noise
Potions
 d - a potion of lignification
 f - a potion of enlightenment
 k - a potion of brilliance
 w - a potion of attraction
 x - 2 potions of magic


   Skills:
 * Level 7.0 Fighting
 * Level 7.1(7.7) Axes
 + Level 4.0(5.7) Polearms
 * Level 6.2 Armour
 * Level 5.8 Dodging
 + Level 3.7 Stealth
 + Level 3.2 Spellcasting
 + Level 3.3 Necromancy
 + Level 3.5 Evocations


You had 15 spell levels left.
You didn't know any spells.
Your spell library contained the following spells:

 Spells                   Type           Power      Damage    Failure   Level
 Lesser Beckoning         Tloc           2%         N/A       100%        2
 Teleport Other           Tloc           1%         N/A       100%        3
 Maxwell's Portable Pile  Tloc           1%         2d(5-10)  100%        4


Dungeon Overview and Level Annotations

Branches:
Dungeon (8/15)             Temple (0/1) D:5           Sewer (visited)
   Lair: D:8-11

Altars:
Fedhas
Makhleb
Sif Muna
Vehumet
Xom
Yredelemnul

Shops:
D:1 [?   D:5 *:


Innate Abilities, Weirdness & Mutations

You can wield a second weapon in your off-hand.
It takes a long time for you to wield or remove held weapons.
Your first few attacks do less damage.
You cannot equip rings or amulets.
You are mostly covered in iridescent scales. (AC +4)
You possess an exceptional clarity of mind.
Your mind is acute. (Int +4, Str/Dex -1)
Your flesh is cold resistant. (rC+)
Your spells are a little easier to cast, but a little less powerful.


Message History

You barely miss the komodo dragon with your +1 trident of flaming.
The scorpion stings you but does no damage.
The komodo dragon bites you!
* * * LOW HITPOINT WARNING * * *
You take 15 damage, and have 16/79 hp.
You barely miss the komodo dragon with your +1 trident of flaming.
The komodo dragon is moderately wounded.
You barely miss the komodo dragon with your +0 hand axe of chaos.
You hit the scorpion but do no damage.
Lightning courses through the scorpion!!
You kill the scorpion!
The komodo dragon bites you but does no damage.
Your base Polearms skill increases to level 4!
As you read the scroll labelled DEPTAI VATAYF, it crumbles to dust.
A profound silence engulfs you.
It was a scroll of silence.
The komodo dragon bites you.
* * * LOW HITPOINT WARNING * * *
You take 2 damage, and have 14/79 hp.
The komodo dragon bites you!
* * * LOW HITPOINT WARNING * * *
You take 10 damage, and have 4/79 hp.
There is a stone staircase leading up here.
The komodo dragon bites you but does no damage.
You climb upwards.
There is a stone staircase leading down here.
Okay, then.
Okay, then.
Okay, then.
Unknown command.
You hit the komodo dragon with your +1 trident of flaming.
You burn the komodo dragon.
The komodo dragon is heavily wounded.
You slash the komodo dragon with your +0 hand axe of chaos!
The komodo dragon seems to slow down.
The komodo dragon bites you but does no damage.
You hit the komodo dragon but do no damage.
The komodo dragon is heavily wounded.
You hit the komodo dragon but do no damage.
The komodo dragon bites you!
You die...

...(...).)........### #.##
..................# #.#
..................# ##.#
...............##.### #..#
...............##...#######.##
.....>...................#..#
.......................###.##
...............l.....####..#
.............##.@......#..##
.#.###...#.###.......#.#.##
...............##...##.#.#
.#.#####.#.#..####.......#
###......#...## #..##...#
..#...##.#...### ##..#...#
..'............## ##.....#
..##........##..## ##..###
####......#......## #..#


You could see a komodo dragon (slow).

Vanquished Creatures
  Pikel (D:6)
  A komodo dragon (D:8)
  7 yaks
  A wraith (D:8)
  5 water moccasins
  5 black bears
  A sky beast (D:6)
  An ogre (D:3)
  3 centaurs
  A phantom (D:6)
  A brain worm (Sewer)
  3 kobold brigands (Sewer)
  A gnoll sergeant (D:7)
  2 bullfrogs
  4 scorpions
  3 wights (D:6)
  4 howler monkeys
  A crimson imp (D:6)
  A bombardier beetle (D:6)
  A gnoll bouda (D:5)
  6 hounds
  Terence (D:2)
  7 iguanas
  4 orc wizards
  12 gnolls
  9 adders
  A river rat (D:5)
  2 shadow imps
  5 ribbon worms
  2 dart slugs
  32 orcs
  3 bats (Sewer)
  9 endoplasms
  8 giant cockroaches
  13 goblins
  4 hobgoblins
  6 quokkas
  4 ball pythons
  11 frilled lizards
  17 kobolds
  13 rats
216 creatures vanquished.

Vanquished Creatures (collateral kills)
  A yak (D:6)
  An adder (D:6)
2 creatures vanquished.

Vanquished Creatures (others)
  2 yaks (D:6)
  An orc wizard (D:6)
3 creatures vanquished.

Grand Total: 221 creatures vanquished

Notes
Turn   | Place    | Note
-------+----------+-------------------------------------------
     0 | D:1      | ezpacito the Coglin Chaos Knight began the quest for the
                  | Orb.
     0 | D:1      | Reached XP level 1. HP: 18/18 MP: 1/1
    80 | D:1      | XOM: silly message
   104 | D:1      | Reached skill level 1 in Dodging
   219 | D:1      | Found Yhi Paun's Armour Shop.
   280 | D:1      | Reached XP level 2. HP: 24/24 MP: 2/2
   335 | D:1      | Found Qietuth's Magic Scroll Boutique.
   551 | D:1      | XOM: divination: detect items
   721 | D:1      | XOM: divination: detect items
   951 | D:2      | Reached XP level 3. HP: 20/29 MP: 3/3
  1011 | D:2      | Noticed Terence
  1021 | D:2      | XOM: silly message
  1035 | D:2      | Killed Terence
  1090 | D:2      | XOM: silly message
  1146 | D:2      | Reached XP level 4. HP: 21/35 MP: 4/4
  1351 | D:2      | XOM: silly message
  1354 | D:2      | Reached skill level 1 in Polearms
  1487 | D:2      | Reached XP level 5. HP: 41/41 MP: 5/5
  1656 | D:2      | XOM: cloud trail
  1784 | D:3      | XOM: silly message
  1800 | D:3      | Reached skill level 1 in Stealth
  1860 | D:3      | Found a basalt altar of Yredelemnul.
  2013 | D:3      | XOM: 6-stop teleportation journey
  2116 | D:3      | XOM: silly message
  2336 | D:3      | Noticed an ogre
  2343 | D:3      | Killed an ogre
  2344 | D:3      | Reached skill level 1 in Spellcasting
  2344 | D:3      | Reached XP level 6. HP: 48/48 MP: 7/7
  2346 | D:3      | XOM: noise
  2364 | D:3      | XOM: divination: detect creatures
  2558 | D:1      | Bought a scroll of identify for 22 gold pieces
  2558 | D:1      | Bought 2 scrolls of identify for 44 gold pieces
  2599 | D:4      | XOM: confuse monster(s)
  2909 | D:4      | Found a radiant altar of Vehumet.
  2942 | D:4      | XOM: summons friendly white imp
  2952 | D:4      | XOM: smoke on damage
  2954 | D:4      | Reached XP level 7. HP: 43/54 MP: 8/8
  3037 | D:4      | XOM: scenery: summon butterflies
  3189 | D:4      | XOM: divination: detect creatures
  3224 | D:4      | Found a shimmering blue altar of Sif Muna.
  3326 | D:5      | Entered Level 5 of the Dungeon
  3776 | D:5      | XOM: 1-stop teleportation journey
  3866 | D:5      | Found a glowing drain.
  3882 | Sewer    | Entered a sewer
  3957 | Sewer    | XOM: cloud trail
  3974 | Sewer    | XOM: enchant monster (good)
  3975 | Sewer    | XOM: confuse monster(s)
  3977 | Sewer    | Reached XP level 8. HP: 51/61 MP: 10/10
  4301 | D:5      | Found a staircase to the Ecumenical Temple.
  4307 | D:5      | Found a blossoming altar of Fedhas.
  4318 | D:5      | Reached skill level 1 in Necromancy
  4335 | D:5      | Found Kuixtitt's Neck Hole.
  4395 | D:5      | Found Hisuc's Book Boutique.
  4493 | D:5      | Reached skill level 5 in Fighting
  4493 | D:5      | Reached skill level 5 in Axes
  4601 | D:5      | XOM: cast spell 'Cause Fear'
  4662 | D:5      | XOM: god gift: spear {god gift}
  4903 | D:6      | Noticed a yak
  4903 | D:6      | XOM: 2-stop teleportation journey
  4904 | D:6      | XOM: smoke on damage
  4905 | D:6      | Noticed a yak
  4909 | D:6      | XOM: cast spell 'Fugue of the Fallen'
  4909 | D:6      | Noticed a yak
  4911 | D:6      | Noticed a yak
  4912 | D:6      | Noticed a yak
  4913 | D:6      | Noticed a yak
  4987 | D:6      | XOM: divination: detect creatures
  5000 | D:6      | XOM: give mutation
  5000 | D:6      | Gained mutation: Armour fits poorly on your strangely
                  | shaped body. [Xom's mischief]
  5091 | D:6      | XOM: noise
  5093 | D:6      | Reached XP level 9. HP: 66/68 MP: 12/12
  5100 | D:6      | XOM: chaos cloud
  5101 | D:6      | XOM: scenery: summon butterflies
  5105 | D:6      | Reached skill level 1 in Evocations
  5105 | D:6      | XOM: fake destruction
  5106 | D:6      | XOM: butterfly on damage
  5146 | D:6      | Reached skill level 5 in Armour
  5232 | D:6      | XOM: summons 2 hostile shadow creatures
  5499 | D:6      | XOM: summons 5 hostile demons
  5500 | D:6      | Noticed a hellwing
  5500 | D:6      | Noticed a smoke demon
  5772 | D:6      | Found a burning altar of Makhleb.
  6008 | D:6      | Lost mutation: Armour fits poorly on your strangely shaped
                  | body. [potion of mutation]
  6008 | D:6      | Gained mutation: Your spells are a little easier to cast,
                  | but a little less powerful. [potion of mutation]
  6008 | D:6      | Gained mutation: You are partially covered in iridescent
                  | scales. (AC +2) [potion of mutation]
  6008 | D:6      | Gained mutation: Your mind is acute. (Int +4, Str/Dex -1)
                  | [potion of mutation]
  6008 | D:6      | Gained mutation: Your flesh is cold resistant. (rC+)
                  | [potion of mutation]
  6032 | D:7      | Noticed Pikel
  6040 | D:6      | XOM: confusion
  6043 | D:6      | Killed Pikel
  6044 | D:6      | Reached skill level 5 in Dodging
  6044 | D:6      | Reached XP level 10. HP: 73/77 MP: 14/14
  6058 | D:7      | XOM: blink monster(s)
  6477 | D:7      | XOM: torment (40/77 hp)
  6478 | D:7      | XOM: give mutations
  6478 | D:7      | Gained mutation: You are mostly covered in iridescent
                  | scales. (AC +4) [Xom's mischief]
  6478 | D:7      | Gained mutation: You possess an exceptional clarity of
                  | mind. [Xom's mischief]
  6696 | D:7      | XOM: god gift: potion of resistance
  6915 | D:7      | XOM: scenery: create altars
  7137 | D:8      | XOM: polymorph bullfrog -> dart slug
  7364 | D:8      | XOM: fog
  7372 | D:8      | XOM: scenery: summon butterflies
  7377 | D:8      | XOM: summons friendly shadow imp
  7393 | D:7      | Mangled by a komodo dragon

Illustrated notes

Levels and vault maps discovered:
D:1:      amcnicky_arrival_single_pillar, layout_basic, serial_shops,
          nicolae_shop_rolling_square, shop, chequers_serial_rivers_room_a
D:2:      layout_loops_cross, minmay_surrounded, uniq_terence
D:3:      layout_loops_ring, mainiacjoe_overflow_alcove_1, minmay_ogre_servants
D:4:      layout_loops_ring, kennysheep_mini_moat, lemuel_crystal_altar,
          minmay_lizard_king
D:5:      layout_cave_pods, fedhas_altar_3, minmay_temple_entry_overgrown,
          serial_shops, shop_fountains, portal_sewer_entry_b,
          nicolae_shop_sticking_my_neck_out
D:6:      layout_basic, makhleb_grotto_becter, minmay_misc_feat_secret_circle
D:7:      layout_rooms, eino_tiny_chamber, uniq_pikel
D:8:      layout_loops_ring, gammafunk_temple_overflow_statue,
          due_lair_maze_entry_diamond, minmay_unpleasant_kobolds, uniq_grum

Skill      XL: |  1  2  3  4  5  6  7  8  9 10 |
---------------+-------------------------------+-----
Armour         | 2 3 4 5 6 |  6.2
Dodging        | 1 2 3 4 5 |  5.8
Polearms       | 1 2 3 4 |  4.0
Stealth        | 1 2 3 |  3.7
Spellcasting   | 1 2 3 |  3.2
Fighting       | 4 5 6 7 |  7.0
Axes           | 4 5 6 7 |  7.1
Necromancy     | 1 2 3 |  3.3
Evocations     | 2 3 |  3.5

Action                     |  1- 3 |  4- 6 |  7- 9 | 10-12 || total
---------------------------+-------+-------+-------+-------++-------
  Melee: Hand axe          |    61 |    97 |   236 |   123 ||   517
         Dagger            |    37 |       |       |       ||    37
         Spear             |    20 |       |       |       ||    20
         Trident           |     5 |   138 |   285 |   131 ||   559
  Evoke: Wand              |       |       |     8 |     4 ||    12
    Use: Potion            |     3 |       |    10 |     3 ||    16
         Scroll            |       |     9 |    17 |     2 ||    28
   Stab: Sleeping          |     1 |     6 |     3 |       ||    10
         Confused          |       |     2 |     2 |     2 ||     6
         Paralysed         |       |     2 |     4 |     2 ||     8
         Petrifying        |       |       |     1 |       ||     1
 Armour: Leather armour    |    43 |    36 |     7 |       ||    86
         Skin              |     1 |       |       |       ||     1
         Crystal plate arm |       |       |   444 |   256 ||   700
  Dodge: Dodged            |    28 |    56 |    29 |    16 ||   129

Table legend: (Time is in decaauts)
 A = Elapsed time spent in this place.
 B = Non-inter-level travel time spent in this place.
 C = Inter-level travel time spent in this place.
 D = Time resting spent in this place.
 E = Time spent auto-exploring this place.
 F = Levels seen in this place.
 G = Mean time per level.
                   A        B        C        D        E       F      G
               +--------+--------+--------+--------+--------+-----+--------+
         Total |   7453 |   7209 |    244 |    855 |   4901 |   9 |  828.1 |
       Dungeon |   7043 |   6799 |    244 |    855 |   4646 |   8 |  880.4 |
         Sewer |    409 |    409 |      0 |      0 |    254 |   1 |  409.0 |
               +--------+--------+--------+--------+--------+-----+--------+

Top non-repeatable levels by time:
     D:6: 1710 daAuts
     D:5: 1178 daAuts
     D:1: 934 daAuts
     D:2: 895 daAuts
     D:3: 778 daAuts
     D:4: 748 daAuts
     D:7: 481 daAuts
   Sewer: 409 daAuts
     D:8: 316 daAuts
